[Event "2nd Yerevan Open"]
[Site "?"]
[Date "2017.09.20"]
[Round "2.1"]
[White "Melkumyan, Hrant"]
[Black "Vardanian, Haik G"]
[Result "1/2-1/2"]
[ECO "A20"]
[WhiteElo "2642"]
[BlackElo "2355"]
[PlyCount "100"]
[EventDate "2017.??.??"]
[TimeControl "6000+890"]
[WhiteClock "0:06:09"]
[BlackClock "0:28:22"]

1. c4 e5 2. g3 f5 3. d4 Bb4+ 4. Bd2 Bxd2+ 5. Qxd2 exd4 6. Qxd4 Qf6 7. Qxf6 Nxf6
8. Nc3 a5 9. Bg2 Na6 10. Nh3 Nc5 11. Nf4 Kd8 12. O-O Re8 13. Rfd1 c6 14. h4 Kc7
15. b3 d6 16. Rac1 Be6 17. Rc2 Bf7 18. e3 Ra6 19. Nce2 Rb6 20. Nd4 g6 21. Rb1
h6 22. Rcc1 Ng4 23. Bf1 Ne5 24. a3 Ne4 25. Rb2 g5 26. hxg5 hxg5 27. Nd3 Nxd3
28. Bxd3 f4 29. Bxe4 Rxe4 30. Rc3 Kb8 31. Rd2 fxg3 32. fxg3 a4 33. b4 c5 34.
bxc5 dxc5 35. Nb5 Re8 36. Rcd3 Rc8 37. Rd6 Rxd6 38. Nxd6 Rd8 39. e4 Be8 40. e5
Bc6 41. Kf2 Rf8+ 42. Ke2 Kc7 43. Rd3 Rh8 44. Re3 Rh2+ 45. Ke1 Kd7 46. Nf5 Ke6
47. Ng7+ Kf7 48. Nf5 Ke6 49. Ng7+ Kf7 50. Nf5 Ke6 1/2-1/2

[Event "2nd Yerevan Open"]
[Site "?"]
[Date "2017.09.20"]
[Round "2.2"]
[White "Pogosyan, Stefan"]
[Black "Onischuk, Vladimir"]
[Result "0-1"]
[ECO "E62"]
[WhiteElo "2349"]
[BlackElo "2638"]
[PlyCount "90"]
[EventDate "2017.??.??"]
[TimeControl "6000+1400"]
[WhiteClock "0:00:40"]
[BlackClock "0:32:35"]

1. d4 d6 2. c4 g6 3. Nf3 Bg7 4. Nc3 Nf6 5. g3 O-O 6. Bg2 c6 7. O-O a6 8. e4 Bg4
9. h3 Bxf3 10. Bxf3 Nfd7 11. Be3 c5 12. d5 b5 13. Be2 b4 14. Na4 Nb6 15. Nxb6
Qxb6 16. Qd2 Re8 17. h4 Nd7 18. h5 e6 19. hxg6 hxg6 20. Kg2 exd5 21. exd5 Qd8
22. Rae1 Qf6 23. Bg4 Ne5 24. Be2 Qf5 25. f3 Nd7 26. Bd3 Qf6 27. Rf2 Re7 28. Bg5
Qxg5 29. Qxg5 Rxe1 30. Re2 Rxe2+ 31. Bxe2 Re8 32. Qd2 Bd4 33. f4 Re3 34. Qc2
Kg7 35. g4 g5 36. fxg5 Ne5 37. b3 Ng6 38. Bd1 Nf4+ 39. Kf1 Rd3 40. g6 fxg6 41.
Qc1 g5 42. Qc2 a5 43. Qb1 Rd2 44. Ke1 Rf2 45. Qf5 Ng2# 0-1

[Event "2nd Yerevan Open"]
[Site "?"]
[Date "2017.09.20"]
[Round "2.3"]
[White "Petrosian, Tigran L"]
[Black "Hayrapetyan, Artavazd R"]
[Result "1-0"]
[ECO "A06"]
[WhiteElo "2615"]
[BlackElo "2346"]
[PlyCount "71"]
[EventDate "2017.??.??"]
[TimeControl "6000+945"]
[WhiteClock "0:30:59"]
[BlackClock "0:01:44"]

1. Nf3 d5 2. g3 Nf6 3. Bg2 g6 4. c4 c6 5. b3 Bg7 6. Bb2 O-O 7. O-O Bg4 8. d3
Qc8 9. Re1 Bh3 10. Bh1 Qg4 11. Nbd2 Qh5 12. Rc1 Na6 13. a3 Rfd8 14. b4 Nc7 15.
cxd5 Qxd5 16. Nc4 Nb5 17. Na5 Rab8 18. a4 Nd6 19. e4 Qh5 20. Rc5 Qg4 21. Qa1
Nde8 22. b5 cxb5 23. Rxb5 a6 24. Rxb7 Rxb7 25. Nxb7 Rb8 26. Na5 Qd7 27. Ne5 Qe6
28. Nac6 Rb6 29. d4 Ng4 30. d5 Qf6 31. Bd4 Nxe5 32. Bxe5 Qg5 33. Bxg7 Nxg7 34.
f4 Qh5 35. Nxe7+ Kf8 36. Qa3 1-0

[Event "2nd Yerevan Open"]
[Site "?"]
[Date "2017.09.20"]
[Round "2.4"]
[White "Nadanian, Ashot"]
[Black "Hovhannisyan, Robert"]
[Result "1/2-1/2"]
[ECO "A06"]
[WhiteElo "2344"]
[BlackElo "2594"]
[PlyCount "120"]
[EventDate "2017.??.??"]
[TimeControl "6000+595"]
[WhiteClock "0:03:35"]
[BlackClock "0:11:19"]

1. Nf3 d5 2. g3 c6 3. b3 Bf5 4. Bg2 e6 5. Bb2 h6 6. O-O Nf6 7. c4 Bd6 8. d3 O-O
9. Nbd2 Bh7 10. e4 Bc7 11. Qe2 dxe4 12. dxe4 Nfd7 13. Rfd1 e5 14. Ba3 Re8 15.
Nf1 a5 16. Bh3 a4 17. Nh4 Bb6 18. c5 axb3 19. Bb4 Bc7 20. axb3 Rxa1 21. Rxa1
Nf6 22. Rd1 Qe7 23. Nf5 Bxf5 24. Bxf5 Bb6 25. Qc4 Na6 26. cxb6 Qxb4 27. Qxb4
Nxb4 28. Ne3 g6 29. Ng4 Kg7 30. Nxf6 Kxf6 31. Bh3 Rb8 32. f4 Na6 33. Rd6+ Kg7
34. Bf1 Nc5 35. Bc4 Kf8 36. Rf6 Rd8 37. Rxf7+ Ke8 38. f5 gxf5 39. exf5 Nd7 40.
Be6 Nxb6 41. Rh7 Rd1+ 42. Kf2 Nd5 43. Rxh6 Ke7 44. Rh7+ Ke8 45. Bf7+ Kf8 46.
Bg6 Kg8 47. Rh4 Rd2+ 48. Ke1 Rb2 49. Re4 Rxh2 50. Kf1 Rb2 51. Rxe5 Rxb3 52. Kf2
Kg7 53. Re6 c5 54. Bh5 Rb2+ 55. Re2 Rxe2+ 56. Kxe2 b5 57. Bf3 Ne7 58. g4 Kf6
59. Kd3 Ke5 60. Kc3 Nxf5 1/2-1/2

[Event "2nd Yerevan Open"]
[Site "?"]
[Date "2017.09.20"]
[Round "2.5"]
[White "Andriasian, Zaven"]
[Black "Mirzoyan, David"]
[Result "1-0"]
[ECO "C11"]
[WhiteElo "2593"]
[BlackElo "2341"]
[PlyCount "117"]
[EventDate "2017.??.??"]
[TimeControl "6000+2080"]
[WhiteClock "0:13:47"]
[BlackClock "0:05:09"]

1. e4 e6 2. d4 d5 3. Nc3 Nf6 4. e5 Nfd7 5. f4 c5 6. Nf3 Nc6 7. Be3 cxd4 8. Nxd4
Qb6 9. Qd2 Qxb2 10. Rb1 Qa3 11. Bb5 Nxd4 12. Bxd4 a6 13. Bxd7+ Bxd7 14. Rb3 Qe7
15. Rxb7 Qd8 16. O-O Qc8 17. Rb3 Qc6 18. Ne2 Rc8 19. c3 Bc5 20. Rf3 O-O 21. Rg3
f5 22. exf6 Rxf6 23. Qe3 Rf7 24. h3 Bf8 25. Be5 Qa4 26. Qd2 Bb5 27. Nd4 Re8 28.
Kh2 Bc4 29. Rb2 Qd7 30. Nf3 Bb5 31. Qe3 Qc8 32. Rf2 Be7 33. Bd4 Ref8 34. Ng5
Bxg5 35. Rxg5 Re8 36. Rf3 Ree7 37. Rfg3 Qc7 38. Be5 Qa7 39. Bxg7 Qxe3 40. Bd4+
Rg7 41. Rxg7+ Rxg7 42. Rxe3 Re7 43. Kg3 Kf7 44. Kh4 Bc4 45. a3 Re8 46. g4 Rb8
47. Kh5 Ba2 48. Re5 Bb1 49. f5 exf5 50. gxf5 Be4 51. Re6 a5 52. Ra6 Rb1 53.
Ra7+ Kg8 54. f6 Bg6+ 55. Kh6 Rf1 56. Rg7+ Kf8 57. Bc5+ Ke8 58. Re7+ Kd8 59. Kg7
1-0

[Event "2nd Yerevan Open"]
[Site "?"]
[Date "2017.09.20"]
[Round "2.6"]
[White "Demianjuk, Alexander"]
[Black "Pashikian, Arman"]
[Result "0-1"]
[ECO "C45"]
[WhiteElo "2330"]
[BlackElo "2592"]
[PlyCount "60"]
[EventDate "2017.??.??"]
[TimeControl "6000+1760"]
[WhiteClock "0:00:38"]
[BlackClock "0:03:40"]

1. e4 e5 2. Nf3 Nc6 3. d4 exd4 4. Nxd4 Bc5 5. Nxc6 bxc6 6. Bd3 d6 7. O-O Nf6 8.
Nd2 Nd7 9. Nf3 O-O 10. Re1 Qf6 11. Qe2 Ne5 12. Nxe5 Qxe5 13. c3 Rb8 14. Rb1 Be6
15. b4 Bb6 16. Kh1 Rfe8 17. f4 Qf6 18. e5 dxe5 19. fxe5 Qf2 20. Qxf2 Bxf2 21.
Re2 Rbd8 22. Bc2 Bb6 23. Bg5 Bc4 24. Ree1 Rd5 25. Bf4 g5 26. Bxg5 Rdxe5 27.
Rxe5 Rxe5 28. Bf4 Re2 29. Bb3 Bd3 30. Rf1 Re4 0-1

[Event "2nd Yerevan Open"]
[Site "?"]
[Date "2017.09.20"]
[Round "2.7"]
[White "Rozum, Ivan"]
[Black "Li, Bo"]
[Result "1/2-1/2"]
[ECO "A05"]
[WhiteElo "2590"]
[BlackElo "2330"]
[PlyCount "127"]
[EventDate "2017.??.??"]
[TimeControl "6000+525"]
[WhiteClock "0:17:54"]
[BlackClock "0:05:46"]

1. Nf3 Nf6 2. c4 g6 3. g3 Bg7 4. Bg2 O-O 5. O-O c6 6. d4 d5 7. Qb3 Qb6 8. Nc3
dxc4 9. Qxc4 Be6 10. Qa4 Na6 11. e4 Rfd8 12. h3 Nc7 13. Qc2 Nb5 14. Be3 Qa5 15.
Ne2 Ne8 16. Rfd1 Qb4 17. Bf1 Nbc7 18. Nf4 Qd6 19. a3 a5 20. Nd3 Na6 21. Bf4 Qd7
22. Nde5 Qc8 23. Ng5 Nd6 24. Rac1 h6 25. Nxe6 Qxe6 26. d5 cxd5 27. exd5 Qf5 28.
Qxf5 Nxf5 29. Nc4 g5 30. Bd2 b5 31. Nb6 Rab8 32. Bxa5 Bxb2 33. Rb1 Bxa3 34.
Bxb5 Bb4 35. Nc4 Bxa5 36. Nxa5 Rb6 37. Nc6 Ra8 38. Bd3 Rxb1 39. Bxb1 Nd6 40.
Nxe7+ Kf8 41. Nf5 Nxf5 42. Bxf5 Rd8 43. Kg2 Ke7 44. Kf3 Nc7 45. Be4 Nb5 46. Kg4
Kf6 47. Rc1 Nd6 48. Rc6 Kg7 49. Bg2 Kg6 50. f4 h5+ 51. Kf3 Kf5 52. Bf1 gxf4 53.
gxf4 Kf6 54. Ke3 Ke7 55. Kd4 Rd7 56. Be2 Ra7 57. Bd1 Ra1 58. Bc2 Rc1 59. Ba4
Rf1 60. Ke3 Nf5+ 61. Ke4 Nd6+ 62. Ke3 Nf5+ 63. Ke4 Nd6+ 64. Ke3 1/2-1/2

[Event "2nd Yerevan Open"]
[Site "?"]
[Date "2017.09.20"]
[Round "2.8"]
[White "Tiraturyan, David"]
[Black "Aleksandrov, Aleksej"]
[Result "0-1"]
[ECO "A45"]
[WhiteElo "2316"]
[BlackElo "2580"]
[PlyCount "117"]
[EventDate "2017.??.??"]
[TimeControl "6000+1215"]
[WhiteClock "0:29:51"]
[BlackClock "0:21:43"]

1. d4 Nf6 2. Bf4 c5 3. e3 d5 4. c3 Nc6 5. Nd2 e6 6. Ngf3 Bd6 7. Bg3 O-O 8. Bb5
Qe7 9. Bxc6 bxc6 10. Qa4 Bxg3 11. hxg3 cxd4 12. cxd4 Rb8 13. Nb3 Rb6 14. Qa3
Qxa3 15. bxa3 Ra6 16. O-O Rxa3 17. Ne5 Ba6 18. Rfc1 Bb5 19. f3 h5 20. Rc2 Rc8
21. Rac1 Rc7 22. Rc5 Ne8 23. R1c2 Nd6 24. R5c3 Nc4 25. Nxc4 Bxc4 26. Nd2 Rxc3
27. Rxc3 c5 28. dxc5 Rxc5 29. e4 Ra5 30. a3 Ba2 31. exd5 Bxd5 32. Kf2 g5 33.
Nf1 Kg7 34. Ne3 Kf6 35. Nc2 Rb5 36. Nb4 Bb7 37. Nd3 Bd5 38. Nb4 a5 39. Nd3 Rb1
40. Nc5 Rb2+ 41. Kg1 Kf5 42. Nd3 Rb3 43. Rxb3 Bxb3 44. Kf2 Bd5 45. Ke3 f6 46.
Nf2 Ke5 47. Kd3 Kd6 48. Nd1 Kc5 49. Ne3 Bc6 50. Kc3 Bd5 51. Kd3 f5 52. Kc3 g4
53. f4 Be4 54. Nc4 Bxg2 55. Ne5 Bc6 56. Ng6 Bb5 57. Nf8 Kd5 58. Kd2 Be8 59. Ke3
0-1

[Event "2nd Yerevan Open"]
[Site "?"]
[Date "2017.09.20"]
[Round "2.9"]
[White "Ter-Sahakyan, Samvel"]
[Black "Gevorgyan, David Sh"]
[Result "1/2-1/2"]
[ECO "B06"]
[WhiteElo "2577"]
[BlackElo "2320"]
[PlyCount "67"]
[EventDate "2017.??.??"]
[TimeControl "6000+890"]
[WhiteClock "0:00:59"]
[BlackClock "0:01:51"]

1. e4 g6 2. d4 Bg7 3. Nc3 d6 4. Be3 a6 5. Qd2 b5 6. O-O-O Bb7 7. f3 Nd7 8. Kb1
h5 9. Nh3 Ngf6 10. Ng5 e6 11. Qf2 Qe7 12. g3 Rc8 13. Bg2 c5 14. dxc5 Nxc5 15.
Qd2 d5 16. e5 Nfd7 17. f4 Nb6 18. b3 O-O 19. Bd4 Rfd8 20. Qe3 b4 21. Ne2 a5 22.
g4 h4 23. Qh3 Ba6 24. Nc1 Qc7 25. Rd2 a4 26. Rhd1 axb3 27. cxb3 Ne4 28. Nxe4
dxe4 29. Bxe4 Nd5 30. Qf3 g5 31. Rc2 Nc3+ 32. Bxc3 Rxd1 33. Qxd1 bxc3 34. Bd3
1/2-1/2

[Event "2nd Yerevan Open"]
[Site "?"]
[Date "2017.09.20"]
[Round "2.10"]
[White "Sargissyan, Sargis"]
[Black "Gabuzyan, Hovhannes"]
[Result "1/2-1/2"]
[ECO "B90"]
[WhiteElo "2295"]
[BlackElo "2573"]
[PlyCount "93"]
[EventDate "2017.??.??"]
[TimeControl "6000+1150"]
[WhiteClock "0:09:16"]
[BlackClock "0:51:56"]

1. e4 c5 2. Nf3 d6 3. d4 cxd4 4. Nxd4 Nf6 5. Nc3 a6 6. Be3 e5 7. Nb3 Be6 8. Qd2
Nbd7 9. f3 h5 10. Nd5 Nxd5 11. exd5 Bf5 12. Na5 Qc7 13. c4 Be7 14. Be2 Bh4+ 15.
g3 Bd8 16. b4 Bh3 17. Rc1 h4 18. Rg1 hxg3 19. hxg3 Bf5 20. Kf2 Rh2+ 21. Rg2 Rh7
22. Rgg1 Nf6 23. Rh1 Qd7 24. Nb3 Rc8 25. Rxh7 Bxh7 26. Kg2 Be7 27. Rh1 Kf8 28.
g4 Kg8 29. g5 Ne8 30. Qe1 Qf5 31. Nc1 Qc2 32. Qd2 Qxd2 33. Bxd2 b5 34. cxb5
axb5 35. Nb3 Nc7 36. Rc1 Bf5 37. Na5 Bf8 38. Kg3 f6 39. gxf6 gxf6 40. Bd1 Kf7
41. Nc6 Nxd5 42. Bb3 Be6 43. Bxd5 Bxd5 44. Nxe5+ dxe5 45. Rxc8 Bxa2 46. Rb8 Bc4
47. Rxf8+ 1/2-1/2

[Event "2nd Yerevan Open"]
[Site "?"]
[Date "2017.09.20"]
[Round "2.11"]
[White "Manukyan, Sargis V"]
[Black "Martirosyan, Haik M"]
[Result "0-1"]
[ECO "E45"]
[WhiteElo "2287"]
[BlackElo "2570"]
[PlyCount "120"]
[EventDate "2017.??.??"]
[TimeControl "6000+2140"]
[WhiteClock "0:07:41"]
[BlackClock "0:06:55"]

1. d4 Nf6 2. c4 e6 3. Nc3 Bb4 4. e3 b6 5. Nge2 Ba6 6. a3 Bxc3+ 7. Nxc3 d5 8. b3
Nc6 9. Be2 O-O 10. cxd5 Bxe2 11. Nxe2 exd5 12. O-O Re8 13. Ra2 a5 14. Rc2 Qd7
15. Qd3 Nd8 16. a4 Ne6 17. Ba3 Ne4 18. Rfc1 Rac8 19. f3 Nd6 20. Bxd6 Qxd6 21.
Rc6 Qd7 22. Qb5 Re7 23. Kf2 Rce8 24. Nc3 Rd8 25. Ne2 Ree8 26. Nc3 h5 27. Rc2 h4
28. Re2 Ng5 29. h3 Re7 30. Ke1 Nh7 31. Kd2 Nf6 32. Nd1 Nh5 33. Nf2 Rde8 34. Nd3
Ng3 35. Re1 Rxe3 36. Ne5 Rxe1 37. Nxd7 R8e2+ 38. Kc3 Nf1 39. Qxe2 Rxe2 40. Rxc7
Rxg2 41. Nxb6 Rf2 42. Nxd5 Rxf3+ 43. Kc4 Rxh3 44. Ne7+ Kh7 45. d5 Nd2+ 46. Kd4
Rxb3 47. d6 Nf3+ 48. Ke4 Ng5+ 49. Kf5 Ne6 50. d7 Rd3 51. Rc4 g5 52. Kf6 Rxd7
53. Kxf7 Nf4 54. Kf6 Rxe7 55. Kxe7 h3 56. Kf6 h2 57. Rc1 g4 58. Rh1 g3 59. Kf5
Nh3 60. Kg4 Nf2+ 0-1

[Event "2nd Yerevan Open"]
[Site "?"]
[Date "2017.09.20"]
[Round "2.12"]
[White "Grigoryan, Karen H"]
[Black "Davtyan, Artur"]
[Result "1-0"]
[ECO "C25"]
[WhiteElo "2568"]
[BlackElo "2303"]
[PlyCount "79"]
[EventDate "2017.??.??"]
[TimeControl "6000+1170"]
[WhiteClock "0:47:20"]
[BlackClock "0:01:20"]

1. e4 e5 2. Nc3 Nc6 3. g3 Bc5 4. Bg2 a6 5. d3 d6 6. Nge2 f5 7. O-O Nf6 8. Be3
Bxe3 9. fxe3 fxe4 10. Nxe4 O-O 11. c3 Bg4 12. h3 Nxe4 13. hxg4 Rxf1+ 14. Bxf1
Qg5 15. dxe4 Qxe3+ 16. Kh2 Rf8 17. Ng1 Rf2+ 18. Bg2 Qxe4 19. Nf3 Rxb2 20. Nh4
Ne7 21. Kh3 Qe3 22. Qa4 c6 23. Qa3 Rd2 24. Qa5 b6 25. Qxa6 Rf2 26. Bxc6 Qxc3
27. Qa8+ Rf8 28. Bd5+ Nxd5 29. Qxd5+ Kh8 30. Rh1 Qb2 31. g5 Qc2 32. Qe6 g6 33.
Qxd6 Qc8+ 34. Kh2 Rf2+ 35. Kg1 Qc2 36. Nxg6+ Kg7 37. Qe7+ Kxg6 38. Rh6+ Kf5 39.
Qf6+ Kg4 40. Qxf2 1-0